 Dungeon Crawl Stone Soup version 0.29-a0-753-gb7bb9d756e (webtiles) character file.

Game seed: 13400465415581190396

4188 Nattfarinn the Thaumaturge (level 10, 0/60 HPs)
             Began as a Deep Elf Venom Mage on June 30, 2022.
             Was a Believer of Vehumet.
             Slain by a komodo dragon (22 damage)
             ... on level 8 of the Dungeon.
             The game lasted 00:25:53 (11706 turns).

Nattfarinn the Thaumaturge (Deep Elf Venom Mage)   Turns: 11706, Time: 00:25:54

Health: 0/60       AC:  3    Str:  5    XL:     10   Next: 8%
Magic:  13/28      EV: 15    Int: 25    God:    Vehumet [**....]
Gold:   365        SH:  0    Dex: 15    Spells: 18/33 levels left

rFire   + + +      SeeInvis .   A - +1 dagger (holy)
rCold   . . .      Faith    .   (no shield)
rNeg    . . .      Spirit   .   v - +0 robe of Pisuq {rF+++}
rPois   .          Reflect  .   x - +0 helmet
rElec   .          Harm     .   (no cloak)
rCorr   .          Rampage  .   (no gloves)
Will    +....                   (no boots)
Stlth   +.........              (no amulet)
HPRegen 0.20/turn               (no ring)
MPRegen 0.21/turn               (no ring)

@: confused
A: no striking features
a: Renounce Religion


You were on level 8 of the Dungeon.
You worshipped Vehumet.
Vehumet was pleased with you.
You visited 2 branches of the dungeon, and saw 9 of its levels.
You also visited: Sewer.

You collected 365 gold pieces.

Inventory:

Hand Weapons
 d - a +2 dagger of venom
 q - the +6 bardiche of the Everdark {flame, *Rage rElec rCorr Int+3}
   (You found it on level 4 of the Dungeon)

   It burns those it strikes, dealing additional fire damage.
   Big, fiery blades are also staple armaments of hydra-hunters.
   Int:       It affects your intelligence (+3).
   rElec:     It insulates you from electricity.
   *Rage:     It berserks you when you make melee attacks (+20% chance).
   rCorr:     It protects you from acid and corrosion.
 A - a +1 dagger of holy wrath (weapon)
 B - a +6 spear
Missiles
 n - 3 throwing nets
Armour
 a - a +0 robe
 v - the +0 robe of Pisuq (worn) {rF+++}
   (You found it on level 5 of the Dungeon)

   rF:        It renders you almost immune to fire.
 x - a +0 helmet (worn)
Jewellery
 G - a ring of see invisible
 H - a ring of wizardry
Wands
 s - a wand of light (6)
 u - a wand of paralysis (2)
 w - a wand of digging (6)
 F - a wand of mindburst (18)
Scrolls
 e - a scroll of immolation {unknown}
 i - a scroll of noise {unknown}
 j - 4 scrolls of teleportation
 k - 3 scrolls of poison
 l - 2 scrolls of magic mapping {unknown}
 m - a scroll of blinking {unknown}
 o - a scroll of brand weapon {unknown}
 r - 2 scrolls of enchant weapon {unknown}
 t - a scroll of fear {unknown}
 y - 2 scrolls of identify
 C - a scroll of amnesia {unknown}
Potions
 b - a potion of magic
 c - 4 potions of might
 f - a potion of resistance {unknown}
 g - 5 potions of heal wounds {unknown}
 h - a potion of mutation {unknown}
 p - 2 potions of cancellation {unknown}
 z - 3 potions of curing {unknown}
 D - a potion of haste {unknown}
 E - a potion of ambrosia {unknown}


   Skills:
 - Level 6.0 Fighting
 - Level 7.0 Dodging
 - Level 2.4 Stealth
 * Level 12.3 Spellcasting
 - Level 1.1 Transmutations
 - Level 8.0 Poison Magic


You had 18 spell levels left.
You knew the following spells:

 Your Spells              Type           Power      Damage    Failure   Level
a - Sting                 Tmut/Pois      100%       1d8       1%          1
b - Ignite Poison         Fire/Tmut/Pois 30%        N/A       3%          3
c - Mephitic Cloud        Conj/Pois/Air  28%        N/A       3%          3
d - Olgreb's Toxic Radia  Pois           54%        N/A       1%          4
e - Poisonous Vapours     Pois/Air       70%        N/A       1%          2
f - Shock                 Conj/Air       60%        1d6       4%          1
g - Sandblast             Erth           30%        2d9       4%          1

Your spell library contained the following spells:

 Spells                   Type           Power      Damage    Failure   Level
 Scorch                   Fire           30%        2d6       6%          2
 Spider Form              Tmut/Pois      38%        N/A       1%          3
 Beastly Appendage        Tmut           40%        N/A       2%          1
 Wereblood                Tmut           20%        N/A       3%          2
 Freeze                   Ice            60%        1d8       4%          1
 Blink                    Tloc           30%        N/A       6%          2
 Frozen Ramparts          Ice            30%        1d5       12%         3
 Portal Projectile        Hex/Tloc       30%        N/A       12%         3
 Swiftness                Air            15%        N/A       12%         3
 Tukima's Dance           Hex            15%        N/A       12%         3
 Airstrike                Air            7%         N/A       36%         4
 Hailstorm                Conj/Ice       15%        3d5       36%         4
 Blade Hands              Tmut           10%        N/A       56%         5
 Freezing Cloud           Conj/Ice/Air   7%         6-21      73%         5
 Manifold Assault         Tloc           15%        N/A       73%         5
 Simulacrum               Ice/Necr       7%         N/A       99%         6
 Storm Form               Tmut/Air       9%         N/A       100%        7
 Polar Vortex             Ice            7%         N/A       100%        9


Dungeon Overview and Level Annotations

Branches:
Dungeon (8/15)             Temple (1/1) D:5           Sewer (visited)
   Lair: D:8-11

Altars:
Cheibriados
Fedhas
Hepliaklqana
Makhleb
Nemelex Xobeh
Okawaru
Qazlal
Sif Muna
Trog
Uskayaw
Vehumet
Wu Jian
Yredelemnul
The Shining One

Shops:
D:2 ((   D:6 !

Annotations:
D:2 1 runed translucent door, Crazy Yiuf
D:7 3 runed translucent doors, MeArio's ghost, novice MiFi
D:8 4 runed translucent doors


Message History

Okay, then.
Unknown command.
Casting: Ignite Poison (dangerous; 3% risk of failure)
Confirm with . or Enter, or press ? or * to list all spells.
You don't know that spell.
Unknown command.
Casting: Ignite Poison (dangerous; 3% risk of failure)
Confirm with . or Enter, or press ? or * to list all spells.
Aiming: Mephitic Cloud (dangerous; 3% risk of failure)
Press: ? - help, Shift-Dir - straight line, f/p - komodo dragon
Aim: a komodo dragon (heavily wounded, chance to affect: 62%) That beam is likely to hit you.
Continue anyway?
The ball explodes into a vile cloud!
The stinking cloud engulfs the komodo dragon but does no damage.
The komodo dragon is heavily wounded.
The stinking cloud engulfs you but does no damage.
You are engulfed in noxious fumes.
You choke on the stench!
You are confused.
The komodo dragon is engulfed in noxious fumes.
The komodo dragon appears confused.
The komodo dragon bites itself!
You're too confused to move!
You are engulfed in noxious fumes.
You choke on the stench!
You are more confused.
The komodo dragon is engulfed in noxious fumes.
The komodo dragon appears confused.
The komodo dragon misses you.
Unknown command.
Unknown command.
Unknown command.
You are too injured to fight recklessly!
Unknown command.
Unknown command.
You're too confused to cast spells.
Unknown command.
Okay, then.
You bump into the rock wall.
You are engulfed in noxious fumes.
You choke on the stench!
You are more confused.
The komodo dragon is engulfed in noxious fumes.
The komodo dragon appears confused.
The komodo dragon bites you!!
You die...

...........#....##8[:8##...#
...........#....#8....8#...#
...........#....+......+...#
##...###..#####.+.....W+..##
#...######.....#8....8#.##
..........#.....##8:$8##.####
..........#......######.÷.[.##
.............###☼# #)###..#
.##.....##○l@# ###.#)##.#
#####.#.#○## #.##.#.#.# #.#
##. #..###.#.# #.# ##
###.)#.#.# #.# #.##.#.#.# #.##
##....##.#
#..######..######..#
#####.................####
#........####..######.....


You could see a komodo dragon (confused).

Vanquished Creatures
  A centaur warrior (D:8)
  Pikel (D:4)
  A yak (D:8)
  A steam dragon (D:8)
  A water moccasin (D:5)
  A black bear (D:5)
  2 orc warriors
  2 sky beasts (D:6)
  An ice beast (D:5)
  A centaur (D:8)
  3 lemures (D:4)
  3 phantoms
  4 bullfrogs
  4 kobold brigands
  2 necrophages
  2 gnoll sergeants (D:7)
  A howler monkey (D:6)
  4 jellies
  5 orc priests
  A gnoll shaman (D:7)
  2 hounds
  3 iguanas
  11 orc wizards
  16 gnolls (D:7)
  13 adders
  A shadow imp (D:6)
  3 white imps
  6 worms
  4 dart slugs
  29 orcs
  12 endoplasms
  6 giant cockroaches
  10 goblins
  9 hobgoblins
  2 jackals (D:3)
  9 kobolds
  3 quokkas
  8 ball pythons
  6 bats
  7 frilled lizards
  11 rats
212 creatures vanquished.

Vanquished Creatures (others)
  5 fungi (D:3)
  5 plants
10 creatures vanquished.

Grand Total: 222 creatures vanquished

Notes
Turn   | Place    | Note
-------+----------+-------------------------------------------
     0 | D:1      | Nattfarinn the Deep Elf Venom Mage began the quest for the
                  | Orb.
     0 | D:1      | Reached XP level 1. HP: 10/10 MP: 6/6
   365 | D:1      | Reached XP level 2. HP: 14/15 MP: 4/8
   593 | D:1      | Found a faded altar of an unknown god.
  1178 | D:2      | Reached XP level 3. HP: 13/19 MP: 3/10
  1377 | D:2      | Found Erhalit's Antique Weapon Shop.
  1654 | D:2      | Found Uckycw's Weapon Boutique.
  1711 | D:2      | Learned a level 3 spell: Ignite Poison
  1715 | D:2      | Learned a level 3 spell: Mephitic Cloud
  2024 | D:2      | Found a runed translucent door.
  2025 | D:2      | Noticed Crazy Yiuf
  2242 | D:3      | Reached skill level 4 in Spellcasting
  2406 | D:3      | Found a bloodstained altar of Trog.
  2424 | D:3      | Reached XP level 4. HP: 17/24 MP: 7/12
  2595 | D:3      | Reached skill level 5 in Poison Magic
  2825 | D:3      | Found a hide-covered altar of Uskayaw.
  3402 | D:3      | Found a blossoming altar of Fedhas.
  3544 | D:3      | Found a glowing golden altar of the Shining One.
  3560 | D:3      | Found a basalt altar of Yredelemnul.
  3904 | D:3      | Noticed an angel
  3912 | D:3      | Learned a level 4 spell: Olgreb's Toxic Radiance
  4065 | D:4      | Found a burning altar of Makhleb.
  4083 | D:4      | Identified the +6 bardiche of the Everdark {flame, *Rage
                  | rElec rCorr Int+3}
  4124 | D:4      | Reached XP level 5. HP: 20/28 MP: 5/14
  4129 | D:4      | Reached skill level 5 in Spellcasting
  4392 | D:4      | Learned a level 2 spell: Poisonous Vapours
  4429 | D:4      | Noticed a lemure
  4431 | D:4      | Noticed Pikel
  4449 | D:4      | Killed a lemure
  4554 | D:4      | Noticed a lemure
  4559 | D:4      | Killed a lemure
  4648 | D:4      | Noticed a lemure
  4648 | D:4      | Noticed a lemure
  4652 | D:4      | Killed a lemure
  4652 | D:4      | Killed Pikel
  4653 | D:4      | Reached skill level 6 in Spellcasting
  4653 | D:4      | Reached XP level 6. HP: 32/32 MP: 7/17
  4653 | D:4      | Reached XP level 7. HP: 36/36 MP: 7/18
  5157 | D:5      | Entered Level 5 of the Dungeon
  5198 | D:5      | Found a staircase to the Ecumenical Temple.
  5278 | D:5      | Found a glowing drain.
  5290 | Sewer    | Entered a sewer
  5346 | Sewer    | Reached skill level 7 in Spellcasting
  6205 | Sewer    | Reached skill level 8 in Spellcasting
  6497 | D:5      | Reached skill level 1 in Fighting
  6497 | D:5      | Reached XP level 8. HP: 39/43 MP: 12/22
  6499 | D:5      | Identified the +0 robe of Pisuq {rF+++}
  6780 | D:5      | Reached skill level 5 in Dodging
  7599 | D:6      | Found a shimmering blue altar of Sif Muna.
  7652 | Temple   | Entered the Ecumenical Temple
  7715 | Temple   | Became a worshipper of Vehumet
  7872 | D:5      | Learned a level 1 spell: Shock
  8677 | D:6      | Found Neutzeck's Distillery.
  8682 | D:6      | Reached XP level 9. HP: 52/52 MP: 12/23
  9158 | D:7      | Found a hazy altar of Hepliaklqana.
  9271 | D:7      | Reached * piety under Vehumet
  9271 | D:7      | Offered knowledge of Sandblast by Vehumet.
  9382 | D:7      | Learned a level 1 spell: Sandblast
  9498 | D:7      | Found an iron altar of Okawaru.
  9646 | D:7      | Reached skill level 5 in Fighting
 10007 | D:7      | Found a runed translucent gate.
 10008 | D:7      | Found a runed translucent gate.
 10008 | D:7      | Found a runed translucent gate.
 10011 | D:7      | Noticed MeArio's ghost (novice MiFi)
 10012 | D:7      | Noticed a spectral unseen horror
 10847 | D:7      | Found a sparkling altar of Nemelex Xobeh.
 10959 | D:8      | Reached skill level 9 in Spellcasting
 11057 | D:8      | Offered knowledge of Scorch by Vehumet.
 11198 | D:8      | Reached ** piety under Vehumet
 11332 | D:8      | Found a large runed translucent door.
 11332 | D:8      | Found a large runed translucent door.
 11337 | D:8      | Found a large runed translucent door.
 11337 | D:8      | Found a large runed translucent door.
 11375 | D:8      | Reached skill level 10 in Spellcasting
 11491 | D:8      | Noticed a centaur warrior
 11496 | D:8      | Killed a centaur warrior
 11497 | D:8      | Reached skill level 11 in Spellcasting
 11615 | D:8      | Reached XP level 10. HP: 60/60 MP: 23/27
 11673 | D:8      | Reached skill level 12 in Spellcasting
 11706 | D:8      | Slain by a komodo dragon

Illustrated notes

Levels and vault maps discovered:
D:1:      dpeg_arrival_boxes_within_box, layout_loops_corners,
          dreamdust_ecumenical_altar_statues
D:2:      layout_rooms, serial_shops, nicolae_shop_bloodbath_and_beyond,
          nicolae_shop_advertising_works [nicolae_subvault_shop_adworks],
          uniq_crazy_yiuf_cottage
D:3:      layout_basic, grunt_temple_overflow_holy_war,
          mainiacjoe_overflow_boulevard, mainiacjoe_overflow_24_doors,
          fedhas_altar_3, minmay_goblin_outpost
D:4:      layout_rooms, kennysheep_mini, uniq_pikel
D:5:      layout_loops_ring, minmay_temple_entry_waves, portal_sewer_entry_d,
          st_stairs_6, minmay_misc_feat_secret_circle, lemuel_flame_loot_1
D:6:      layout_basic, mainiacjoe_overflow_alcove_2, serial_shops, shop_statue
D:7:      layout_basic, nicolae_hepliaklqana_hazy_memory, marbit_many_paths,
          okawaru_altar_gauntlet_db, gammafunk_ghost_necromancy
D:8:      layout_gridville, minmay_hollow_rounded_squares, uniq_amaemon
Temple:   hellmonk_temple_flake

Skill      XL: |  1  2  3  4  5  6  7  8  9 10 |
---------------+-------------------------------+-----
Poison Magic   | 4 5 7 8 |  8.0
Spellcasting   | 4 6 8 11 12 | 12.3
Dodging        | 4 7 |  7.0
Fighting       | 1 4 6 |  6.0
Stealth        | |  2.4
Transmutations | |  1.1

Action                   |  1- 3 |  4- 6 |  7- 9 | 10-12 || total
-------------------------+-------+-------+-------+-------++-------
Melee: Dagger            |    11 |     8 |    67 |       ||    86
 Cast: Sting             |    87 |    57 |    67 |    10 ||   221
       Ignite Poison     |       |     8 |    50 |     3 ||    61
       Olgreb's Toxic Ra |       |     5 |    46 |     1 ||    52
       Poisonous Vapours |       |     3 |    15 |       ||    18
       Shock             |       |       |    16 |       ||    16
       Sandblast         |       |       |     2 |       ||     2
       Mephitic Cloud    |       |       |       |     1 ||     1
Evoke: Wand              |       |       |     3 |       ||     3
  Use: Scroll            |       |       |     3 |       ||     3
 Stab: Paralysed         |       |       |     6 |       ||     6
Armor: Robe              |     7 |     2 |    13 |       ||    22
Dodge: Dodged            |    15 |    25 |    83 |    11 ||   134

Table legend: (Time is in decaauts)
 A = Elapsed time spent in this place.
 B = Non-inter-level travel time spent in this place.
 C = Inter-level travel time spent in this place.
 D = Time resting spent in this place.
 E = Time spent auto-exploring this place.
 F = Levels seen in this place.
 G = Mean time per level.
                   A        B        C        D        E       F      G
               +--------+--------+--------+--------+--------+-----+--------+
         Total |  11888 |  11366 |    522 |   1065 |   9026 |  10 | 1188.8 |
       Dungeon |  10547 |  10044 |    503 |   1036 |   7872 |   8 | 1318.4 |
        Temple |     74 |     56 |     18 |      0 |     51 |   1 |   74.0 |
         Sewer |   1266 |   1266 |      0 |     29 |   1102 |   1 | 1266.0 |
               +--------+--------+--------+--------+--------+-----+--------+

Top non-repeatable levels by time:
     D:7: 1778 daAuts
     D:3: 1773 daAuts
     D:5: 1438 daAuts
     D:6: 1362 daAuts
     D:1: 1314 daAuts
   Sewer: 1266 daAuts
     D:4: 1237 daAuts
     D:2: 869 daAuts
     D:8: 772 daAuts
  Temple: 74 daAuts
